TOP OF THE 1ST |
Los Cabos Cartel batting - Pitching for Nassau Rockets : RHP Jason Drake
|
Pitching: RHP Jason Drake
|
|
Batting: LHB Luis González
|
0-0: Ball 1-0: Foul Ball, location: 2F 1-1: Swinging Strike 1-2: Fly out, F8 (Flyball, 8RS)
|
Batting: RHB Gerardo Escobedo
|
0-0: Called Strike 0-1: Ball 1-1: Hit by Pitch
|
Batting: SHB Julián Madrid
|
0-0: Ball 1-0: Ball 2-0: SINGLE (Line Drive, 9S) Gerardo Escobedo to second
|
Batting: LHB José Rivas
|
0-0: Ball 1-0: Ball 2-0: Ball 3-0: Base on Balls Gerardo Escobedo to third Julián Madrid to second
|
Batting: RHB Stephen Wilson
|
0-0: Ball 1-0: Ball 2-0: Ball 3-0: Foul Ball, location: 2F 3-1: Base on Balls Gerardo Escobedo scores Julián Madrid to third José Rivas to second
|
Batting: LHB Miguel Rivería
|
0-0: Ball 1-0: Ball 2-0: Called Strike 2-1: Ball 3-1: Base on Balls Julián Madrid scores José Rivas to third Stephen Wilson to second
|
Batting: RHB Wilbert Rodgers
|
0-0: Foul Ball, location: 2F 0-1: Ball 1-1: Foul Ball, location: 2F 1-2: Fly out, F9 (Flyball, 9S)
|
Batting: RHB John Pick
|
0-0: Foul Ball, location: 2F 0-1: Foul Ball, location: 2F 0-2: SINGLE (Line Drive, 6MD) José Rivas scores Stephen Wilson to third Miguel Rivería to second Runner from 3rd tries for Home, SAFE, no throw or cutoff
|
Batting: RHB Oliver Hernández
|
0-0: Ball 1-0: Ball 2-0: Foul Ball, location: 2F 2-1: Swinging Strike 2-2: Ball 3-2: Foul Ball, location: 2F 3-2: Strikes out swinging
|
Top of the 1st over - 4 run(s), 2 hit(s), 0 error(s), 2 left on base; Los Cabos 4 - Nassau 0 |
BOTTOM OF THE 1ST |
Nassau Rockets batting - Pitching for Los Cabos Cartel : RHP Marty Burgess
|
Pitching: RHP Marty Burgess
|
|
Batting: LHB Doug Thompson
|
0-0: Ball 1-0: Ball 2-0: Called Strike 2-1: Ball 3-1: Base on Balls
|
Batting: RHB Francisco Rincón
|
0-0: Ball 1-0: Called Strike 1-1: Ball 2-1: Swinging Strike 2-2: Ball 3-2: Fly out, F7 (Line Drive, 7S)
|
Batting: LHB Andrew Alvarado
|
0-0: Grounds into double play, 1-6-3 (Groundball, 15)
|
Bottom of the 1st over - 0 run(s), 0 hit(s), 0 error(s), 0 left on base; Los Cabos 4 - Nassau 0 |
TOP OF THE 2ND |
Los Cabos Cartel batting - Pitching for Nassau Rockets : RHP Jason Drake
|
Batting: LHB Luis González
|
0-0: Called Strike 0-1: SINGLE (Line Drive, 78S)
|
Batting: RHB Gerardo Escobedo
|
0-0: Ball 1-0: Ball 2-0: Called Strike 2-1: Swinging Strike 2-2: Ball 3-2: Strikes out looking Throwing error on steal attempt, E2 Luis González to third
|
Batting: SHB Julián Madrid
|
0-0: Called Strike 0-1: Ball 1-1: Ball 2-1: Ball 3-1: Base on Balls
|
Batting: LHB José Rivas
|
0-0: Called Strike 0-1: Called Strike 0-2: Grounds into double play, 4-6-3 (Groundball, 4)
|
Top of the 2nd over - 0 run(s), 1 hit(s), 1 error(s), 1 left on base; Los Cabos 4 - Nassau 0 |
BOTTOM OF THE 2ND |
Nassau Rockets batting - Pitching for Los Cabos Cartel : RHP Marty Burgess
|
Batting: LHB Wilson Allen
|
0-0: Swinging Strike 0-1: Swinging Strike 0-2: Ball 1-2: Ball 2-2: Strikes out swinging
|
Batting: LHB Phil Smith
|
0-0: Ball 1-0: Ball 2-0: Ball 3-0: Called Strike 3-1: Base on Balls
|
Batting: SHB Howard Parker
|
0-0: Ball 1-0: Foul Ball, location: 2F 1-1: Ball 2-1: Ball 3-1: Called Strike 3-2: SINGLE (Flyball, 89S) Phil Smith to second
|
Batting: RHB Victor Andrews
|
0-0: Called Strike 0-1: Ground out 5-3 (Groundball, 56S) Phil Smith to third Howard Parker to second
|
Batting: LHB Rafael Delgado
|
0-0: Called Strike 0-1: Ball 1-1: Foul Ball, location: 2F 1-2: Ground out 3-1 (Groundball, 34)
|
Bottom of the 2nd over - 0 run(s), 1 hit(s), 0 error(s), 2 left on base; Los Cabos 4 - Nassau 0 |
TOP OF THE 3RD |
Los Cabos Cartel batting - Pitching for Nassau Rockets : RHP Jason Drake
|
Batting: RHB Stephen Wilson
|
0-0: Foul Ball, location: 2F 0-1: SINGLE (Line Drive, 6M)
|
Batting: LHB Miguel Rivería
|
0-0: Called Strike 0-1: Foul Ball, location: 2F 0-2: Strikes out swinging
|
Batting: RHB Wilbert Rodgers
|
0-0: Ball 1-0: Foul Ball, location: 2F 1-1: Swinging Strike 1-2: Strikes out swinging
|
Batting: RHB John Pick
|
0-0: Ball 1-0: Ground out 6-3 (Groundball, 6)
|
Top of the 3rd over - 0 run(s), 1 hit(s), 0 error(s), 1 left on base; Los Cabos 4 - Nassau 0 |
BOTTOM OF THE 3RD |
Nassau Rockets batting - Pitching for Los Cabos Cartel : RHP Marty Burgess
|
Batting: RHB Pete Harvey
|
0-0: Called Strike 0-1: Swinging Strike 0-2: Foul Ball, location: 2F 0-2: Ball 1-2: Foul Ball, location: 2F 1-2: DOUBLE (Groundball, 5L)
|
Batting: LHB Doug Thompson
|
0-0: Swinging Strike 0-1: Swinging Strike 0-2: Ball 1-2: Ball 2-2: Strikes out swinging
|
Batting: RHB Francisco Rincón
|
0-0: Ball 1-0: Ball 2-0: Called Strike 2-1: Fly out, F8 (Flyball, 8RS)
|
Batting: LHB Andrew Alvarado
|
0-0: SINGLE (Groundball, 23) (infield hit) Pete Harvey to third
|
Batting: LHB Wilson Allen
|
0-0: Foul Ball, location: 2F 0-1: Foul Ball, location: 2F 0-2: Ball 1-2: Ball 2-2: Foul Ball, location: 2F 2-2: Ball 3-2: SINGLE (Groundball, 23) (infield hit) Pete Harvey scores Andrew Alvarado to second
|
Batting: LHB Phil Smith
|
0-0: Called Strike 0-1: Ball 1-1: Ball 2-1: Reached on error, E4 (Groundball, 4) Andrew Alvarado to third Wilson Allen to second
|
Batting: SHB Howard Parker
|
0-0: Ball 1-0: Ground out 1-3 (Groundball, 15)
|
Bottom of the 3rd over - 1 run(s), 3 hit(s), 1 error(s), 3 left on base; Los Cabos 4 - Nassau 1 |
TOP OF THE 4TH |
Los Cabos Cartel batting - Pitching for Nassau Rockets : RHP Jason Drake
|
Batting: RHB Oliver Hernández
|
0-0: Called Strike 0-1: Swinging Strike 0-2: Ball 1-2: Strikes out looking
|
Batting: LHB Luis González
|
0-0: Ball 1-0: Called Strike 1-1: Ball 2-1: Foul Ball, location: 2F 2-2: Ball 3-2: TRIPLE (Groundball, 3L)
|
Batting: RHB Gerardo Escobedo
|
0-0: Called Strike 0-1: Ball 1-1: SINGLE (Flyball, 8RS) Luis González scores
|
Batting: SHB Julián Madrid
|
0-0: Ball 1-0: Called Strike 1-1: Ball 2-1: Ball 3-1: Called Strike 3-2: Fly out, F8 (Flyball, 8LM)
|
Batting: LHB José Rivas
|
0-0: Called Strike 0-1: Foul Ball, location: 2F 0-2: Foul Ball, location: 2F 0-2: Strikes out swinging
|
Top of the 4th over - 1 run(s), 2 hit(s), 0 error(s), 1 left on base; Los Cabos 5 - Nassau 1 |
BOTTOM OF THE 4TH |
Nassau Rockets batting - Pitching for Los Cabos Cartel : RHP Marty Burgess
|
Batting: RHB Victor Andrews
|
0-0: Ball 1-0: Ball 2-0: Ball 3-0: Called Strike 3-1: Called Strike 3-2: Foul Ball, location: 2F 3-2: Ground out 6-3 (Groundball, 6)
|
Batting: LHB Rafael Delgado
|
0-0: Foul Ball, location: 2F 0-1: Reached on error, E6 (Groundball, 6M)
|
Batting: RHB Pete Harvey
|
0-0: Ball 1-0: Foul Ball, location: 2F 1-1: Foul Ball, location: 2F 1-2: Foul Ball, location: 2F 1-2: Ball Rafael Delgado steals 2nd base 2-2: Ground out 6-3 (Groundball, 6) Rafael Delgado to third
|
Batting: LHB Doug Thompson
|
0-0: Ball 1-0: Ball 2-0: Foul Ball, location: 2F 2-1: Foul Ball, location: 2F 2-2: Foul Ball, location: 2F 2-2: Hit by Pitch
|
Batting: RHB Francisco Rincón
|
0-0: Called Strike 0-1: Ball 1-1: Ball 2-1: Foul Ball, location: 2F 2-2: Fly out, F3 (Popup, 3F)
|
Bottom of the 4th over - 0 run(s), 0 hit(s), 1 error(s), 2 left on base; Los Cabos 5 - Nassau 1 |
TOP OF THE 5TH |
Los Cabos Cartel batting - Pitching for Nassau Rockets : RHP Jason Drake
|
Batting: RHB Stephen Wilson
|
0-0: Swinging Strike 0-1: Ball 1-1: Called Strike 1-2: Foul Ball, location: 2F 1-2: Ball 2-2: Strikes out swinging
|
Batting: LHB Miguel Rivería
|
0-0: Called Strike 0-1: Called Strike 0-2: Ball 1-2: Foul Ball, location: 2F 1-2: SINGLE (Groundball, 34D)
|
Pitching: RHP Brad Sharpe
|
|
Batting: RHB Wilbert Rodgers
|
0-0: Fly out, F6 (Popup, 7LS)
|
Batting: RHB John Pick
|
0-0: Called Strike 0-1: Foul Ball, location: 2F 0-2: SINGLE (Groundball, 4MD) Miguel Rivería to second
|
Batting: RHB Oliver Hernández
|
0-0: Ball 1-0: Ball 2-0: Ball 3-0: Base on Balls Miguel Rivería to third John Pick to second
|
Batting: LHB Luis González
|
0-0: Swinging Strike 0-1: Foul Ball, location: 2F 0-2: Ball 1-2: Ball 2-2: DOUBLE (Flyball, 78XD) Miguel Rivería scores John Pick scores Oliver Hernández to third Runner from 3rd tries for Home, SAFE, no throw or cutoff
|
Batting: RHB Gerardo Escobedo
|
0-0: Called Strike 0-1: Foul Ball, location: 2F 0-2: Ball 1-2: Fly out, F8 (Flyball, 8LM)
|
Top of the 5th over - 3 run(s), 3 hit(s), 0 error(s), 1 left on base; Los Cabos 8 - Nassau 1 |
BOTTOM OF THE 5TH |
Nassau Rockets batting - Pitching for Los Cabos Cartel : RHP Marty Burgess
|
Batting: LHB Andrew Alvarado
|
0-0: Ball 1-0: Ball 2-0: SOLO HOME RUN (Flyball, 9D), Distance : 351 ft
|
Batting: LHB Wilson Allen
|
0-0: Ball 1-0: Swinging Strike 1-1: Called Strike 1-2: Ball 2-2: Fly out, F4 (Popup, 6MD)
|
Pitching: RHP Pedro Magana
|
|
Batting: LHB Phil Smith
|
0-0: Ball 1-0: Ball 2-0: Called Strike 2-1: Ball 3-1: Foul Ball, location: 2F 3-2: Fly out, F8 (Flyball, 8RS)
|
Batting: SHB Howard Parker
|
0-0: Ball 1-0: Ball 2-0: Called Strike 2-1: Ball 3-1: Base on Balls
|
Batting: RHB Victor Andrews
|
0-0: Ground out 5-3 (Groundball, 5L)
|
Bottom of the 5th over - 1 run(s), 1 hit(s), 0 error(s), 1 left on base; Los Cabos 8 - Nassau 2 |
TOP OF THE 6TH |
Los Cabos Cartel batting - Pitching for Nassau Rockets : RHP Brad Sharpe
|
Pitching: RHP Terry Adams
|
|
Batting: SHB Julián Madrid
|
0-0: Ball 1-0: Ball 2-0: Called Strike 2-1: Ball 3-1: Ground out 4-3 (Groundball, 34)
|
Batting: LHB José Rivas
|
0-0: Ground out 1-3 (Groundball, 2L)
|
Batting: RHB Stephen Wilson
|
0-0: Ball 1-0: Foul Ball, location: 2F 1-1: Ball 2-1: Ball 3-1: Foul Ball, location: 2F 3-2: Base on Balls
|
Batting: LHB Miguel Rivería
|
0-0: Ball 1-0: Ground out 4-3 (Groundball, 34D)
|
Top of the 6th over - 0 run(s), 0 hit(s), 0 error(s), 1 left on base; Los Cabos 8 - Nassau 2 |
BOTTOM OF THE 6TH |
Nassau Rockets batting - Pitching for Los Cabos Cartel : RHP Pedro Magana
|
Batting: LHB Rafael Delgado
|
0-0: Called Strike 0-1: Ball 1-1: Ground out 5-3 (Groundball, 56)
|
Batting: RHB Pete Harvey
|
0-0: Called Strike 0-1: Ball 1-1: Ball 2-1: Foul Ball, location: 2F 2-2: SINGLE (Groundball, 56D)
|
Batting: LHB Doug Thompson
|
0-0: Ball 1-0: DOUBLE (Flyball, 8LXD) Pete Harvey to third Runner from 3rd tries for Home, SAFE, no throw or cutoff
|
Batting: RHB Francisco Rincón
|
0-0: Ball 1-0: Called Strike 1-1: Ball 2-1: Ball 3-1: Foul Ball, location: 2F 3-2: SINGLE (Line Drive, 9S) Doug Thompson to third Runner from 3rd tries for Home, SAFE, throw made home
|
Pitching: RHP Rex Welch
|
|
Batting: LHB Andrew Alvarado
|
0-0: Ball 1-0: Ball 2-0: Foul Ball, location: 2F 2-1: Called Strike 2-2: Strikes out swinging
|
Batting: LHB Wilson Allen
|
0-0: Called Strike 0-1: Foul Ball, location: 2F 0-2: Ball 1-2: Ball 2-2: Strikes out swinging
|
Bottom of the 6th over - 2 run(s), 3 hit(s), 0 error(s), 1 left on base; Los Cabos 8 - Nassau 4 |
TOP OF THE 7TH |
Los Cabos Cartel batting - Pitching for Nassau Rockets : RHP Terry Adams
|
Batting: RHB Wilbert Rodgers
|
0-0: Foul Ball, location: 2F 0-1: SOLO HOME RUN (Flyball, 7D), Distance : 353 ft
|
Batting: RHB John Pick
|
0-0: Ball 1-0: Ball 2-0: Ground out 6-3 (Groundball, 6)
|
Batting: RHB Oliver Hernández
|
0-0: Foul Ball, location: 2F 0-1: Ball 1-1: DOUBLE (Flyball, 89M)
|
Batting: LHB Luis González
|
0-0: Ball 1-0: Called Strike 1-1: Called Strike 1-2: Ball 2-2: Ball 3-2: Foul Ball, location: 2F 3-2: Strikes out looking
|
Batting: RHB Gerardo Escobedo
|
0-0: Called Strike 0-1: Ball 1-1: Foul Ball, location: 2F 1-2: 2-RUN HOME RUN (Line Drive, 7D), Distance : 356 ft
|
Pitching: RHP Colm Stewart
|
|
Batting: SHB Julián Madrid
|
0-0: Ball 1-0: Foul Ball, location: 2F 1-1: Fly out, F8 (Flyball, 8LXD)
|
Top of the 7th over - 3 run(s), 3 hit(s), 0 error(s), 0 left on base; Los Cabos 11 - Nassau 4 |
BOTTOM OF THE 7TH |
Nassau Rockets batting - Pitching for Los Cabos Cartel : RHP Rex Welch
|
Batting: LHB Phil Smith
|
0-0: Ball 1-0: Ball 2-0: Ball 3-0: Called Strike 3-1: Swinging Strike 3-2: Foul Ball, location: 2F 3-2: Strikes out swinging
|
Batting: SHB Howard Parker
|
0-0: Called Strike 0-1: Fly out, F8 (Flyball, 8LM)
|
Batting: RHB Victor Andrews
|
0-0: Foul Ball, location: 2F 0-1: Ball 1-1: Fly out, F8 (Flyball, 8LM)
|
Bottom of the 7th over - 0 run(s), 0 hit(s), 0 error(s), 0 left on base; Los Cabos 11 - Nassau 4 |
TOP OF THE 8TH |
Los Cabos Cartel batting - Pitching for Nassau Rockets : RHP Colm Stewart
|
Batting: LHB José Rivas
|
0-0: Foul Ball, location: 2F 0-1: Called Strike 0-2: Strikes out swinging
|
Batting: RHB Stephen Wilson
|
0-0: Called Strike 0-1: Called Strike 0-2: SINGLE (Groundball, 56)
|
Batting: LHB Miguel Rivería
|
0-0: Swinging Strike 0-1: Ball 1-1: Ball 2-1: Ball 3-1: Foul Ball, location: 2F 3-2: Strikes out swinging Stephen Wilson is caught stealing 2nd base Batter strikes out.
|
Top of the 8th over - 0 run(s), 1 hit(s), 0 error(s), 0 left on base; Los Cabos 11 - Nassau 4 |
BOTTOM OF THE 8TH |
Nassau Rockets batting - Pitching for Los Cabos Cartel : RHP Rex Welch
|
Batting: LHB Rafael Delgado
|
0-0: SOLO HOME RUN (Line Drive, 9D), Distance : 363 ft
|
Batting: RHB Pete Harvey
|
0-0: Ground out 6-3 (Groundball, 6)
|
Pitching: LHP António Martínez
|
|
Batting: LHB Doug Thompson
|
0-0: Foul Ball, location: 2F 0-1: Ball 1-1: Ball 2-1: Ball 3-1: Swinging Strike 3-2: Strikes out looking
|
Batting: RHB Francisco Rincón
|
0-0: Swinging Strike 0-1: Foul Ball, location: 2F 0-2: Strikes out looking
|
Bottom of the 8th over - 1 run(s), 1 hit(s), 0 error(s), 0 left on base; Los Cabos 11 - Nassau 5 |
TOP OF THE 9TH |
Los Cabos Cartel batting - Pitching for Nassau Rockets : RHP Colm Stewart
|
Batting: RHB Wilbert Rodgers
|
0-0: Ball 1-0: Called Strike 1-1: Ground out 4-3 (Groundball, 4)
|
Batting: RHB John Pick
|
0-0: Called Strike 0-1: Called Strike 0-2: Foul Ball, location: 2F 0-2: Ball 1-2: Foul Ball, location: 2F 1-2: Foul Ball, location: 2F 1-2: Foul Ball, location: 2F 1-2: Strikes out swinging
|
Batting: RHB Oliver Hernández
|
0-0: Ball 1-0: Ball 2-0: Called Strike 2-1: Foul Ball, location: 2F 2-2: Strikes out looking
|
Top of the 9th over - 0 run(s), 0 hit(s), 0 error(s), 0 left on base; Los Cabos 11 - Nassau 5 |
BOTTOM OF THE 9TH |
Nassau Rockets batting - Pitching for Los Cabos Cartel : LHP António Martínez
|
Batting: LHB Andrew Alvarado
|
0-0: Fly out, F8 (Flyball, 8LS)
|
Batting: LHB Wilson Allen
|
0-0: Swinging Strike 0-1: Ball 1-1: Ground out 3-1 (Groundball, 3)
|
Batting: LHB Phil Smith
|
0-0: Called Strike 0-1: Swinging Strike 0-2: Ball 1-2: Ball 2-2: Foul Ball, location: 2F 2-2: Ball 3-2: Foul Ball, location: 2F 3-2: Base on Balls
|
Batting: SHB Howard Parker
|
0-0: Ball 1-0: Ground out 4-3 (Groundball, 4)
|
Bottom of the 9th over - 0 run(s), 0 hit(s), 0 error(s), 1 left on base; Los Cabos 11 - Nassau 5 |
|